[ AOE2 MATCH · #480539823 ]
UnrankedGoths vs Aztecs
[ REPLAY ANALYSIS · EXTRACTED FROM THE RECORDED GAME ]
Feudal
14:06
Castle
18:37
Imperial
34:32
| APM avg | 33.3 |
| APM peak | 75 |
| eAPM avg | 21.6 |
| Villagers / military | 190 / 333 |
Focus
⚔️ 40.1% · 🌾 59.9%
Huskarl ×277 · Hand Cannoneer ×44 · Battering Ram ×8 · Trebuchet (Packed) ×3 · Monk ×1
Feudal
14:12
Castle
29:58
Imperial
42:45
| APM avg | 15.2 |
| APM peak | 38 |
| eAPM avg | 11.8 |
| Villagers / military | 125 / 112 |
Focus
⚔️ 19.3% · 🌾 80.7%
Militia ×93 · Eagle Scout ×19
Feudal
13:57
Castle
18:20
Imperial
32:44
| APM avg | 34.9 |
| APM peak | 67 |
| eAPM avg | 23.8 |
| Villagers / military | 138 / 49 |
Focus
⚔️ 11.5% · 🌾 88.5%
Battle Elephant ×27 · Skirmisher ×15 · Arambai ×4 · Trebuchet (Packed) ×2 · Knight ×1
Feudal
12:53
Castle
16:58
Imperial
35:02
| APM avg | 37.1 |
| APM peak | 73 |
| eAPM avg | 23.2 |
| Villagers / military | 154 / 0 |
Focus
⚔️ 37.3% · 🌾 62.7%
Unknown (2582) ×155 · Unknown (2579) ×74 · Unknown (2550) ×4
Feudal
13:36
Castle
18:46
Imperial
34:58
| APM avg | 22.6 |
| APM peak | 79 |
| eAPM avg | 12.1 |
| Villagers / military | 107 / 233 |
Focus
⚔️ 24.8% · 🌾 75.2%
Scout Cavalry ×181 · Janissary ×51 · Monk ×1
Feudal
14:18
Castle
18:05
Imperial
—
| APM avg | 38.7 |
| APM peak | 99 |
| eAPM avg | 21.9 |
| Villagers / military | 183 / 3 |
Focus
⚔️ 11.8% · 🌾 88.2%
Militia ×2 · Konnik ×1
Feudal
15:07
Castle
19:36
Imperial
37:40
| APM avg | 25.0 |
| APM peak | 58 |
| eAPM avg | 17.4 |
| Villagers / military | 235 / 113 |
Focus
⚔️ 21.9% · 🌾 78.1%
Militia ×100 · Spearman ×7 · Berserk ×4 · Mangonel ×2
Feudal
11:41
Castle
15:38
Imperial
32:35
| APM avg | 21.4 |
| APM peak | 43 |
| eAPM avg | 14.6 |
| Villagers / military | 166 / 271 |
Focus
⚔️ 34.9% · 🌾 65.1%
Centurion ×111 · Spearman ×109 · Militia ×36 · Trebuchet (Packed) ×10 · Battering Ram ×5
Match map
Initial resources + every placement click. Lines = walls · curves = elevation contours. ◆ gold · ⬟ stone · ● berries · ✦ relic · ◌ wall gap
Your base· Open — unwalled flank
Dutchz's base· Open — 6t gap
treehugger's base· Open — unwalled flank
Frama's base· Open — 14t gap
FieldsPizza's base· Open — unwalled flank
Apocalypto's base· Open — unwalled flank
Stoic Poet's base· Open — unwalled flank
ValerioN__'s base· Open — unwalled flank
Smoothed initial terrain · ◌ = detected wall gap · hover for details
Inputs per minute
— OhSheeep - - Dutchz
Build order — OhSheeep
First 150 of 476 actions detected
| 0:28 | Build | Town Center |
| 2:44 | Build | House |
| 2:47 | Research | Loom |
| 2:48 | Create | Villager (Male) |
| 2:48 | Create | Villager (Male) |
| 2:54 | Create | Villager (Male) |
| 2:54 | Create | Villager (Male) |
| 2:55 | Create | Villager (Male) |
| 4:14 | Build | House |
| 4:32 | Create | Villager (Male) |
| 4:32 | Create | Villager (Male) |
| 4:55 | Create | Villager (Male) |
| 4:55 | Create | Villager (Male) |
| 5:24 | Create | Villager (Male) |
| 5:25 | Create | Villager (Male) |
| 6:02 | Create | Villager (Male) |
| 6:03 | Create | Villager (Male) |
| 6:04 | Create | Villager (Male) |
| 6:04 | Create | Villager (Male) |
| 6:43 | Build | House |
| 6:49 | Build | House |
| 6:56 | Create | Villager (Male) |
| 6:56 | Create | Villager (Male) |
| 6:56 | Create | Villager (Male) |
| 6:57 | Create | Villager (Male) |
| 7:40 | Create | Villager (Male) |
| 7:40 | Create | Villager (Male) |
| 7:57 | Build | Lumber Camp |
| 7:58 | Create | Villager (Male) |
| 7:58 | Create | Villager (Male) |
| 8:41 | Build | House |
| 8:45 | Create | Villager (Male) |
| 8:45 | Create | Villager (Male) |
| 8:49 | Build | House |
| 9:47 | Build | House |
| 9:48 | Create | Villager (Male) |
| 9:48 | Create | Villager (Male) |
| 10:22 | Build | Palisade Wall |
| 10:23 | Build | Palisade Wall |
| 10:24 | Build | Palisade Wall |
| 10:25 | Build | Palisade Wall |
| 10:43 | Build | Mill |
| 10:51 | Create | Villager (Male) |
| 11:11 | Create | Villager (Male) |
| 11:33 | Build | Mill |
| 11:34 | Research | Feudal Age |
| 11:34 | Research | Feudal Age |
| 14:06 | Age | Feudal Age |
| 14:11 | Create | Villager (Male) |
| 14:11 | Create | Villager (Male) |
| 14:16 | Build | Market |
| 14:33 | Build | Market |
| 14:36 | Build | Blacksmith |
| 14:50 | Build | Mill |
| 15:05 | Create | Villager (Male) |
| 15:06 | Create | Villager (Male) |
| 15:33 | Build | House |
| 15:34 | Build | House |
| 15:36 | Build | Palisade Wall |
| 15:38 | Build | Palisade Wall |
| 15:41 | Build | Palisade Wall |
| 15:57 | Research | Castle Age |
| 15:57 | Research | Castle Age |
| 16:07 | Research | Double-Bit Axe |
| 16:07 | Research | Double-Bit Axe |
| 17:46 | Build | Barracks |
| 18:29 | Create | Villager (Male) |
| 18:37 | Age | Castle Age |
| 18:39 | Build | Town Center |
| 18:41 | Research | Bow Saw |
| 18:42 | Research | Bow Saw |
| 18:42 | Create | Villager (Male) |
| 18:42 | Create | Villager (Male) |
| 19:19 | Create | Villager (Male) |
| 19:19 | Create | Villager (Male) |
| 19:25 | Build | Town Center |
| 19:35 | Build | House |
| 19:36 | Build | House |
| 19:37 | Build | House |
| 19:39 | Build | Palisade Wall |
| 19:40 | Build | Palisade Wall |
| 19:49 | Create | Villager (Male) |
| 19:50 | Create | Villager (Male) |
| 20:05 | Build | Town Center |
| 20:16 | Build | Monastery |
| 20:22 | Create | Villager (Male) ×2 |
| 20:22 | Create | Villager (Male) ×2 |
| 20:22 | Create | Villager (Male) ×2 |
| 20:31 | Research | Horse Collar |
| 20:52 | Create | Villager (Male) |
| 20:52 | Create | Villager (Male) |
| 20:52 | Create | Villager (Male) ×3 |
| 20:59 | Create | Villager (Male) |
| 20:59 | Create | Villager (Male) |
| 20:59 | Create | Villager (Male) |
| 21:16 | Create | Villager (Male) |
| 21:23 | Build | House |
| 21:30 | Create | Villager (Male) |
| 21:41 | Create | Villager (Male) |
| 21:41 | Create | Villager (Male) |
| 21:42 | Create | Villager (Male) |
| 21:48 | Create | Villager (Male) |
| 21:48 | Create | Villager (Male) |
| 21:55 | Create | Villager (Male) |
| 21:55 | Create | Villager (Male) |
| 22:00 | Create | Villager (Male) |
| 22:00 | Create | Villager (Male) |
| 22:08 | Create | Villager (Male) |
| 22:20 | Build | Mill |
| 22:25 | Build | House |
| 22:29 | Build | Farm |
| 22:30 | Build | Farm |
| 22:30 | Build | Farm |
| 22:30 | Build | Farm |
| 22:31 | Build | Farm |
| 22:31 | Build | Farm |
| 22:31 | Build | Farm |
| 22:49 | Create | Monk |
| 22:56 | Build | Farm |
| 23:06 | Build | House |
| 23:08 | Build | House |
| 23:10 | Build | House |
| 23:13 | Build | Palisade Wall |
| 23:29 | Create | Villager (Male) ×5 |
| 23:30 | Create | Villager (Male) ×5 |
| 23:44 | Create | Villager (Male) ×4 |
| 23:44 | Create | Villager (Male) ×4 |
| 23:51 | Build | Farm |
| 23:52 | Build | Farm |
| 23:55 | Build | Farm |
| 23:57 | Build | Farm |
| 23:58 | Create | Villager (Male) |
| 23:58 | Create | Villager (Male) |
| 24:02 | Build | House |
| 24:04 | Build | House |
| 24:05 | Build | House |
| 24:11 | Create | Villager (Male) ×2 |
| 24:11 | Create | Villager (Male) ×2 |
| 24:14 | Build | Farm |
| 24:23 | Build | Farm |
| 24:24 | Build | Farm |
| 24:28 | Create | Villager (Male) |
| 24:28 | Create | Villager (Male) |
| 24:47 | Build | Mill |
| 25:02 | Create | Villager (Male) |
| 25:02 | Create | Villager (Male) ×2 |
| 25:15 | Build | Farm |
| 25:18 | Create | Villager (Male) ×5 |
| 25:19 | Create | Villager (Male) ×5 |
| 25:38 | Create | Villager (Male) ×4 |
Build order — Dutchz
First 150 of 316 actions detected
| 0:52 | Build | Town Center |
| 3:01 | Build | House |
| 3:02 | Build | House |
| 3:16 | Create | Villager (Male) |
| 3:17 | Create | Villager (Male) |
| 3:17 | Create | Villager (Male) |
| 3:17 | Create | Villager (Male) |
| 3:18 | Research | Loom |
| 4:51 | Create | Villager (Male) |
| 5:54 | Create | Villager (Male) |
| 5:54 | Create | Villager (Male) |
| 6:27 | Build | House |
| 6:46 | Create | Villager (Male) |
| 6:46 | Create | Villager (Male) |
| 6:51 | Build | House |
| 7:21 | Create | Villager (Male) |
| 8:02 | Create | Villager (Male) |
| 8:42 | Create | Villager (Male) |
| 8:42 | Create | Villager (Male) |
| 8:42 | Create | Villager (Male) |
| 8:48 | Build | House |
| 9:18 | Create | Villager (Male) |
| 9:18 | Create | Villager (Male) |
| 9:51 | Build | Mill |
| 10:06 | Build | Mill |
| 11:12 | Create | Villager (Male) |
| 11:12 | Create | Villager (Male) |
| 11:18 | Build | Mining Camp |
| 11:46 | Research | Feudal Age |
| 12:25 | Build | Barracks |
| 13:58 | Create | Villager (Male) |
| 13:58 | Create | Villager (Male) |
| 14:12 | Age | Feudal Age |
| 14:14 | Build | Market |
| 14:16 | Build | Blacksmith |
| 14:22 | Create | Eagle Scout |
| 14:22 | Create | Eagle Scout |
| 14:46 | Create | Villager (Male) |
| 15:00 | Research | Scale Mail Armor |
| 15:04 | Create | Villager (Male) |
| 15:04 | Create | Villager (Male) |
| 15:20 | Create | Eagle Scout |
| 15:21 | Create | Eagle Scout |
| 15:21 | Create | Eagle Scout |
| 15:21 | Create | Eagle Scout |
| 15:21 | Create | Eagle Scout |
| 15:33 | Build | House |
| 15:35 | Build | House |
| 16:31 | Create | Villager (Male) |
| 16:31 | Create | Villager (Male) |
| 16:43 | Build | Farm |
| 16:43 | Build | Farm |
| 16:43 | Build | Farm |
| 16:43 | Build | Farm |
| 16:43 | Build | Farm |
| 16:44 | Build | Farm |
| 16:44 | Build | Farm |
| 16:44 | Build | Farm |
| 17:03 | Create | Villager (Male) |
| 17:32 | Create | Villager (Male) |
| 17:32 | Create | Villager (Male) |
| 17:44 | Research | Forging |
| 17:44 | Research | Forging |
| 18:25 | Build | House |
| 18:37 | Create | Villager (Male) |
| 18:37 | Create | Villager (Male) |
| 18:52 | Create | Eagle Scout |
| 19:07 | Create | Eagle Scout |
| 19:53 | Create | Villager (Male) |
| 19:53 | Create | Villager (Male) |
| 20:16 | Build | Lumber Camp |
| 20:33 | Build | Lumber Camp |
| 22:36 | Build | Mill |
| 24:03 | Research | Castle Age |
| 24:36 | Build | Stone Wall |
| 25:26 | Build | Mining Camp |
| 25:49 | Build | Gate |
| 26:16 | Build | Town Center |
| 27:18 | Research | Castle Age |
| 28:12 | Create | Villager (Male) |
| 28:13 | Create | Villager (Male) |
| 28:52 | Build | House |
| 28:53 | Build | House |
| 28:54 | Build | House |
| 28:56 | Build | House |
| 29:41 | Create | Villager (Male) |
| 29:58 | Age | Castle Age |
| 30:13 | Build | Town Center |
| 30:20 | Build | Town Center |
| 30:37 | Research | Wheelbarrow |
| 30:38 | Research | Town Watch |
| 30:48 | Build | House |
| 30:50 | Build | House |
| 31:17 | Create | Villager (Male) |
| 31:18 | Create | Villager (Male) |
| 31:18 | Create | Villager (Male) |
| 31:18 | Create | Villager (Male) |
| 31:18 | Create | Villager (Male) |
| 31:18 | Create | Villager (Male) |
| 31:19 | Create | Villager (Male) |
| 31:28 | Create | Villager (Male) |
| 31:29 | Create | Villager (Male) |
| 31:29 | Create | Villager (Male) |
| 31:29 | Create | Villager (Male) |
| 31:41 | Build | Farm |
| 31:41 | Build | Farm |
| 31:41 | Build | Farm |
| 31:41 | Build | Farm |
| 31:42 | Build | Farm |
| 31:42 | Build | Farm |
| 31:42 | Build | Farm |
| 31:42 | Build | Farm |
| 31:43 | Build | Farm |
| 31:43 | Build | Farm |
| 31:44 | Build | Farm |
| 31:45 | Build | Farm |
| 32:00 | Build | Barracks |
| 32:10 | Create | Villager (Male) |
| 32:35 | Build | Farm |
| 32:35 | Build | Farm |
| 32:35 | Build | Farm |
| 32:36 | Build | Farm |
| 32:36 | Build | Farm |
| 32:36 | Build | Farm |
| 32:36 | Build | Farm |
| 32:43 | Create | Villager (Male) |
| 32:52 | Build | Barracks |
| 33:02 | Build | House |
| 33:03 | Build | House |
| 33:07 | Build | House |
| 33:08 | Build | House |
| 33:10 | Create | Villager (Male) |
| 33:11 | Create | Villager (Male) |
| 33:43 | Create | Villager (Male) |
| 33:43 | Create | Villager (Male) |
| 33:43 | Create | Villager (Male) |
| 33:43 | Create | Villager (Male) |
| 33:44 | Create | Villager (Male) |
| 33:55 | Build | Farm |
| 33:56 | Build | Farm |
| 33:56 | Build | Farm |
| 33:56 | Build | Farm |
| 33:56 | Build | Farm |
| 33:57 | Build | Farm |
| 33:57 | Build | Farm |
| 34:05 | Create | Villager (Male) |
| 34:05 | Create | Villager (Male) |
| 34:05 | Create | Villager (Male) |
| 34:05 | Create | Villager (Male) |
| 34:12 | Build | House |
Build order — treehugger
First 150 of 388 actions detected
| 0:19 | Build | Town Center |
| 2:37 | Create | Villager (Male) |
| 2:37 | Create | Villager (Male) |
| 2:37 | Create | Villager (Male) |
| 2:37 | Create | Villager (Male) |
| 2:42 | Build | House |
| 3:26 | Create | Villager (Male) |
| 3:27 | Research | Loom |
| 3:27 | Create | Villager (Male) |
| 3:37 | Build | House |
| 3:48 | Build | House |
| 4:23 | Create | Villager (Male) |
| 4:49 | Build | House |
| 4:58 | Create | Villager (Male) |
| 5:16 | Create | Villager (Male) |
| 5:32 | Create | Villager (Male) |
| 6:20 | Create | Villager (Male) |
| 6:22 | Create | Villager (Male) |
| 6:23 | Create | Villager (Male) |
| 6:46 | Build | House |
| 7:02 | Create | Villager (Male) |
| 7:02 | Create | Villager (Male) |
| 7:42 | Create | Villager (Male) |
| 8:29 | Create | Villager (Male) |
| 8:57 | Create | Villager (Male) |
| 9:20 | Create | Villager (Male) |
| 9:36 | Build | House |
| 9:44 | Build | Mill |
| 9:58 | Create | Villager (Male) |
| 10:17 | Create | Villager (Male) |
| 10:30 | Build | Mill |
| 10:45 | Create | Villager (Male) |
| 10:49 | Build | Mill |
| 11:09 | Create | Villager (Male) |
| 11:11 | Build | Lumber Camp |
| 11:40 | Research | Feudal Age |
| 11:52 | Build | House |
| 11:55 | Build | Palisade Wall |
| 11:57 | Build | Palisade Wall |
| 11:58 | Build | Palisade Wall |
| 12:22 | Build | House |
| 12:23 | Build | House |
| 13:39 | Build | Mining Camp |
| 13:52 | Create | Villager (Male) |
| 13:57 | Age | Feudal Age |
| 14:03 | Build | Market |
| 14:14 | Build | Blacksmith |
| 14:18 | Create | Villager (Male) |
| 14:43 | Create | Villager (Male) |
| 14:51 | Build | House |
| 15:06 | Create | Villager (Male) |
| 15:27 | Build | Palisade Wall |
| 15:40 | Research | Castle Age |
| 15:54 | Research | Horse Collar |
| 16:20 | Build | Farm |
| 16:23 | Build | Farm |
| 16:44 | Build | Farm |
| 17:11 | Build | Outpost |
| 17:17 | Build | Outpost |
| 18:00 | Create | Villager (Male) |
| 18:20 | Age | Castle Age |
| 18:21 | Build | Farm |
| 18:23 | Build | Farm |
| 18:25 | Create | Villager (Male) |
| 19:02 | Create | Villager (Male) |
| 19:11 | Build | Farm |
| 19:13 | Build | Farm |
| 19:19 | Build | Farm |
| 19:22 | Build | Farm |
| 19:25 | Create | Villager (Male) |
| 19:32 | Build | Town Center |
| 19:42 | Create | Villager (Male) |
| 20:03 | Build | Siege Workshop |
| 20:07 | Create | Villager (Male) |
| 20:08 | Research | Stone Mining |
| 20:14 | Create | Villager (Male) |
| 20:21 | Build | House |
| 20:21 | Build | House |
| 20:26 | Build | Farm |
| 20:28 | Create | Villager (Male) |
| 20:48 | Create | Villager (Male) |
| 20:53 | Create | Villager (Male) |
| 20:53 | Create | Villager (Male) |
| 20:55 | Create | Villager (Male) |
| 20:58 | Create | Villager (Male) |
| 21:11 | Build | House |
| 21:32 | Create | Villager (Male) |
| 21:56 | Create | Villager (Male) |
| 21:57 | Create | Villager (Male) |
| 21:58 | Research | Gold Mining |
| 22:04 | Build | Farm |
| 22:05 | Build | Farm |
| 22:06 | Build | Farm |
| 22:07 | Build | Farm |
| 22:08 | Build | Farm |
| 22:09 | Build | Farm |
| 22:20 | Create | Villager (Male) |
| 22:35 | Build | Lumber Camp |
| 22:44 | Research | Wheelbarrow |
| 23:01 | Build | Castle |
| 23:10 | Create | Villager (Male) |
| 23:36 | Create | Villager (Male) |
| 24:17 | Create | Villager (Male) |
| 24:19 | Build | Lumber Camp |
| 24:24 | Build | House |
| 24:25 | Build | House |
| 24:26 | Build | Stone Wall |
| 24:30 | Build | Stone Wall |
| 24:35 | Create | Villager (Male) |
| 24:35 | Create | Villager (Male) |
| 24:36 | Create | Villager (Male) |
| 24:54 | Build | Town Center |
| 25:02 | Build | Stone Wall |
| 25:07 | Build | Gate |
| 25:12 | Create | Villager (Male) |
| 25:14 | Create | Villager (Male) |
| 25:17 | Create | Villager (Male) |
| 25:18 | Create | Villager (Male) |
| 25:18 | Create | Villager (Male) |
| 25:25 | Build | Farm |
| 25:26 | Build | Farm |
| 25:27 | Build | Farm |
| 25:27 | Build | Farm |
| 25:28 | Build | Farm |
| 25:29 | Build | Farm |
| 25:30 | Build | Farm |
| 25:30 | Build | Farm |
| 25:32 | Research | Heavy Plow |
| 25:35 | Create | Villager (Male) |
| 25:38 | Create | Villager (Male) |
| 25:58 | Build | Farm |
| 26:04 | Research | Gold Shaft Mining |
| 26:21 | Create | Villager (Male) |
| 26:35 | Build | Barracks |
| 26:42 | Create | Villager (Male) |
| 26:54 | Build | Town Center |
| 27:00 | Create | Villager (Male) |
| 27:01 | Create | Villager (Male) |
| 27:05 | Build | Farm |
| 27:08 | Build | Farm |
| 27:14 | Create | Villager (Male) |
| 27:15 | Create | Villager (Male) |
| 27:17 | Create | Villager (Male) |
| 27:35 | Create | Villager (Male) |
| 27:39 | Create | Villager (Male) |
| 27:41 | Create | Arambai |
| 27:41 | Create | Arambai |
| 27:46 | Create | Villager (Male) |
| 27:46 | Create | Villager (Male) |
| 27:53 | Build | House |
Build order — Frama
First 150 of 546 actions detected
| 0:13 | Build | Town Center |
| 2:44 | Create | Villager (Male) |
| 2:44 | Create | Villager (Male) |
| 2:45 | Create | Villager (Male) |
| 2:45 | Create | Villager (Male) |
| 2:55 | Build | House |
| 4:03 | Create | Villager (Male) |
| 4:30 | Create | Villager (Male) |
| 4:30 | Create | Villager (Male) |
| 4:44 | Build | House |
| 4:51 | Create | Villager (Male) |
| 4:55 | Research | Loom |
| 4:57 | Create | Villager (Male) |
| 4:57 | Create | Villager (Male) |
| 5:10 | Create | Villager (Male) |
| 5:10 | Create | Villager (Male) |
| 5:33 | Create | Villager (Male) |
| 5:57 | Create | Villager (Male) |
| 6:14 | Create | Villager (Male) |
| 6:15 | Create | Villager (Male) |
| 6:40 | Create | Villager (Male) |
| 6:44 | Build | House |
| 7:04 | Build | Settlement |
| 7:08 | Create | Villager (Male) |
| 7:43 | Create | Villager (Male) |
| 7:43 | Create | Villager (Male) |
| 8:02 | Create | Villager (Male) |
| 8:27 | Create | Villager (Male) |
| 8:49 | Build | House |
| 8:56 | Create | Villager (Male) |
| 9:05 | Create | Villager (Male) |
| 9:12 | Create | Villager (Male) |
| 10:22 | Build | Settlement |
| 10:43 | Research | Feudal Age |
| 10:43 | Research | Feudal Age |
| 11:00 | Build | House |
| 11:02 | Build | House |
| 11:21 | Create | Villager (Male) |
| 11:22 | Create | Villager (Male) |
| 12:41 | Build | Settlement |
| 12:53 | Age | Feudal Age |
| 12:57 | Build | Market |
| 13:00 | Build | Blacksmith |
| 13:41 | Create | Villager (Male) |
| 14:18 | Research | Castle Age |
| 14:52 | Research | Double-Bit Axe |
| 15:46 | Research | Fletching |
| 15:58 | Build | Settlement |
| 16:48 | Create | Villager (Male) |
| 16:58 | Age | Castle Age |
| 17:42 | Create | Villager (Male) |
| 17:42 | Create | Villager (Male) |
| 17:58 | Build | Castle |
| 18:06 | Create | Villager (Male) |
| 18:26 | Build | Town Center |
| 18:38 | Create | Villager (Male) |
| 18:38 | Create | Villager (Male) |
| 18:55 | Create | Villager (Male) |
| 19:18 | Create | Villager (Male) |
| 19:29 | Create | Unit 2579 |
| 19:31 | Create | Unit 2579 |
| 19:41 | Create | Unit 2579 |
| 19:49 | Create | Villager (Male) |
| 19:51 | Create | Villager (Male) |
| 19:58 | Build | Farm |
| 20:00 | Build | Farm |
| 20:06 | Create | Unit 2579 |
| 20:14 | Build | Farm |
| 20:20 | Create | Villager (Male) |
| 20:20 | Create | Villager (Male) |
| 20:21 | Build | Farm |
| 20:26 | Create | Villager (Male) |
| 20:27 | Create | Villager (Male) |
| 20:39 | Create | Unit 2579 |
| 20:44 | Build | Farm |
| 20:54 | Create | Villager (Male) |
| 21:03 | Build | Farm |
| 21:05 | Create | Villager (Male) |
| 21:07 | Create | Unit 2579 |
| 21:10 | Build | Farm |
| 21:21 | Create | Villager (Male) |
| 21:21 | Create | Villager (Male) |
| 21:29 | Create | Villager (Male) |
| 21:30 | Build | Farm |
| 21:36 | Create | Unit 2579 |
| 21:47 | Build | Farm |
| 21:50 | Build | House |
| 21:50 | Create | Villager (Male) |
| 21:55 | Create | Villager (Male) |
| 22:17 | Research | Bodkin Arrow |
| 22:26 | Create | Unit 2579 |
| 22:27 | Create | Villager (Male) |
| 22:27 | Create | Villager (Male) |
| 22:29 | Build | Farm |
| 22:31 | Build | House |
| 22:32 | Create | Villager (Male) |
| 22:43 | Create | Villager (Male) |
| 22:45 | Create | Unit 2579 |
| 23:05 | Build | House |
| 23:06 | Create | Villager (Male) |
| 23:09 | Create | Unit 2579 |
| 23:10 | Create | Villager (Male) |
| 23:15 | Create | Villager (Male) |
| 23:26 | Create | Villager (Male) |
| 23:42 | Build | House |
| 23:44 | Build | Farm |
| 23:47 | Build | Farm |
| 23:49 | Build | Farm |
| 23:52 | Build | Farm |
| 23:53 | Create | Villager (Male) |
| 23:58 | Create | Villager (Male) |
| 23:58 | Create | Villager (Male) |
| 24:00 | Build | Farm |
| 24:08 | Create | Villager (Male) |
| 24:16 | Build | House |
| 24:27 | Create | Villager (Male) |
| 24:27 | Create | Villager (Male) |
| 24:27 | Create | Villager (Male) |
| 24:31 | Build | Town Center |
| 24:35 | Create | Villager (Male) |
| 24:53 | Create | Unit 2579 |
| 24:57 | Build | House |
| 24:58 | Build | House |
| 25:03 | Research | Horse Collar |
| 25:04 | Create | Villager (Male) |
| 25:06 | Create | Villager (Male) |
| 25:10 | Create | Villager (Male) |
| 25:18 | Create | Unit 2579 |
| 25:31 | Research | Wheelbarrow |
| 25:36 | Create | Unit 2579 |
| 25:37 | Create | Villager (Male) |
| 25:40 | Create | Unit 2579 |
| 25:43 | Build | Farm |
| 25:44 | Create | Villager (Male) |
| 25:48 | Create | Villager (Male) |
| 25:50 | Create | Unit 2579 |
| 25:54 | Build | House |
| 26:04 | Create | Villager (Male) |
| 26:11 | Create | Villager (Male) |
| 26:25 | Build | Farm |
| 26:27 | Build | Farm |
| 26:29 | Build | Farm |
| 26:29 | Create | Villager (Male) |
| 26:37 | Build | House |
| 26:51 | Create | Villager (Male) |
| 26:55 | Create | Villager (Male) |
| 27:02 | Create | Villager (Male) |
| 27:06 | Create | Villager (Male) |
| 27:15 | Build | University |
| 27:18 | Build | Farm |
Build order — FieldsPizza
First 150 of 276 actions detected
| 0:47 | Build | Town Center |
| 2:09 | Build | House |
| 2:45 | Research | Loom |
| 2:46 | Create | Villager (Male) ×4 |
| 4:29 | Build | House |
| 4:37 | Create | Villager (Male) |
| 4:37 | Create | Villager (Male) |
| 4:54 | Build | House |
| 5:04 | Create | Villager (Male) |
| 5:04 | Create | Villager (Male) |
| 5:22 | Build | Lumber Camp |
| 6:26 | Create | Villager (Male) ×2 |
| 6:47 | Create | Villager (Male) |
| 7:20 | Create | Villager (Male) |
| 7:26 | Build | House |
| 7:40 | Create | Villager (Male) |
| 7:49 | Create | Villager (Male) |
| 8:51 | Create | Villager (Male) ×3 |
| 9:17 | Create | Villager (Male) ×3 |
| 10:26 | Build | Mill |
| 11:23 | Research | Feudal Age |
| 11:27 | Build | House |
| 12:46 | Build | Mining Camp |
| 13:20 | Create | Villager (Male) ×5 |
| 13:36 | Age | Feudal Age |
| 14:08 | Research | Double-Bit Axe |
| 14:44 | Build | Market |
| 15:17 | Create | Villager (Male) |
| 15:41 | Build | Blacksmith |
| 16:06 | Research | Castle Age |
| 16:09 | Research | Horse Collar |
| 16:20 | Build | Mining Camp |
| 17:02 | Create | Villager (Male) ×5 |
| 17:02 | Create | Villager (Male) |
| 17:11 | Build | Lumber Camp |
| 17:25 | Build | House |
| 17:25 | Build | House |
| 17:26 | Build | House |
| 18:46 | Age | Castle Age |
| 18:48 | Build | Town Center |
| 18:54 | Build | Town Center |
| 18:57 | Research | Bow Saw |
| 19:03 | Research | Heavy Plow |
| 19:15 | Create | Villager (Male) ×3 |
| 19:21 | Build | Farm |
| 19:36 | Build | Farm |
| 19:53 | Create | Villager (Male) |
| 20:01 | Build | Farm |
| 20:03 | Build | Farm |
| 20:29 | Build | Farm |
| 20:30 | Build | Farm |
| 20:31 | Build | Farm |
| 20:35 | Create | Villager (Male) |
| 20:47 | Build | Town Center |
| 21:03 | Create | Villager (Male) |
| 21:03 | Create | Villager (Male) |
| 21:08 | Create | Villager (Male) |
| 21:17 | Build | Farm |
| 21:18 | Build | Farm |
| 21:23 | Build | Farm |
| 21:29 | Create | Villager (Male) |
| 21:38 | Build | Farm |
| 21:46 | Build | Farm |
| 21:48 | Create | Villager (Male) |
| 21:48 | Create | Villager (Male) |
| 22:00 | Build | Farm |
| 22:06 | Build | Farm |
| 22:09 | Create | Villager (Male) |
| 22:09 | Create | Villager (Male) |
| 22:22 | Build | Monastery |
| 22:26 | Create | Villager (Male) |
| 22:32 | Build | Farm |
| 22:34 | Create | Villager (Male) |
| 22:41 | Build | Farm |
| 22:43 | Build | Farm |
| 22:45 | Create | Villager (Male) |
| 22:54 | Build | Farm |
| 22:57 | Create | Villager (Male) |
| 22:57 | Create | Villager (Male) |
| 23:08 | Create | Monk |
| 23:17 | Build | Farm |
| 23:18 | Create | Villager (Male) ×2 |
| 23:27 | Build | Farm |
| 23:28 | Build | Farm |
| 23:31 | Build | Farm |
| 23:37 | Build | Farm |
| 23:41 | Build | Farm |
| 23:51 | Create | Villager (Male) ×4 |
| 23:58 | Build | Farm |
| 24:00 | Build | Farm |
| 24:09 | Create | Villager (Male) ×2 |
| 24:10 | Create | Villager (Male) |
| 24:11 | Create | Villager (Male) |
| 24:27 | Research | Gold Mining |
| 24:59 | Research | Fervor |
| 25:01 | Create | Villager (Male) ×5 |
| 25:02 | Create | Villager (Male) |
| 25:02 | Create | Villager (Male) |
| 25:08 | Build | House |
| 25:08 | Build | House |
| 25:09 | Build | House |
| 25:10 | Build | House |
| 25:10 | Build | House |
| 25:12 | Build | House |
| 25:13 | Build | House |
| 25:13 | Build | House |
| 25:15 | Build | House |
| 25:24 | Build | House |
| 25:33 | Build | Stone Wall |
| 25:38 | Build | Gate |
| 25:41 | Create | Villager (Male) ×5 |
| 25:41 | Create | Villager (Male) ×5 |
| 25:42 | Create | Villager (Male) ×2 |
| 25:42 | Create | Villager (Male) |
| 25:55 | Build | House |
| 25:59 | Build | House |
| 26:03 | Create | Villager (Male) ×2 |
| 26:18 | Research | Stone Mining |
| 26:29 | Build | Lumber Camp |
| 26:37 | Build | Lumber Camp |
| 26:47 | Build | Farm |
| 26:48 | Build | Farm |
| 26:50 | Build | Farm |
| 26:51 | Build | Farm |
| 26:52 | Build | Farm |
| 26:53 | Build | Farm |
| 27:17 | Research | Fletching |
| 27:24 | Build | Barracks |
| 27:29 | Build | Castle |
| 27:51 | Build | Farm |
| 27:54 | Build | Farm |
| 27:57 | Build | Stable |
| 28:00 | Build | Stable |
| 28:02 | Research | Bodkin Arrow |
| 28:02 | Research | Forging |
| 28:03 | Research | Scale Barding Armor |
| 28:46 | Research | Bloodlines |
| 28:46 | Research | Husbandry |
| 28:47 | Create | Scout Cavalry ×5 |
| 28:47 | Create | Scout Cavalry |
| 28:58 | Build | Mill |
| 29:00 | Build | Farm |
| 29:01 | Build | Farm |
| 29:02 | Build | Farm |
| 29:03 | Build | Farm |
| 29:04 | Build | Farm |
| 29:06 | Build | Farm |
| 29:26 | Build | Mining Camp |
| 29:32 | Create | Scout Cavalry ×5 |
| 29:33 | Create | Scout Cavalry ×2 |
Build order — Apocalypto
First 150 of 321 actions detected
| 0:43 | Build | Town Center |
| 1:26 | Build | House |
| 2:27 | Create | Villager (Male) |
| 2:27 | Create | Villager (Male) |
| 2:28 | Create | Villager (Male) |
| 2:55 | Create | Villager (Male) |
| 2:56 | Create | Villager (Male) |
| 4:03 | Create | Villager (Male) |
| 4:04 | Create | Villager (Male) |
| 4:15 | Build | House |
| 4:38 | Create | Villager (Male) |
| 4:49 | Create | Villager (Male) |
| 5:12 | Create | Villager (Male) |
| 5:13 | Create | Villager (Male) |
| 5:32 | Create | Villager (Male) |
| 5:32 | Create | Villager (Male) |
| 5:44 | Create | Villager (Male) |
| 5:44 | Create | Villager (Male) |
| 6:02 | Build | House |
| 6:28 | Create | Villager (Male) |
| 6:28 | Create | Villager (Male) |
| 6:30 | Create | Villager (Male) |
| 7:07 | Create | Villager (Male) |
| 7:07 | Create | Villager (Male) |
| 7:11 | Create | Villager (Male) |
| 7:11 | Create | Villager (Male) |
| 8:15 | Research | Loom |
| 8:15 | Create | Villager (Male) |
| 8:16 | Create | Villager (Male) |
| 8:22 | Build | House |
| 8:26 | Create | Villager (Male) |
| 8:26 | Create | Villager (Male) |
| 9:00 | Create | Villager (Male) |
| 9:00 | Create | Villager (Male) |
| 9:00 | Create | Villager (Male) |
| 9:55 | Build | Mill |
| 10:19 | Build | Mining Camp |
| 10:40 | Build | Mill |
| 11:10 | Create | Villager (Male) |
| 11:10 | Create | Villager (Male) |
| 11:23 | Build | House |
| 12:08 | Research | Feudal Age |
| 12:23 | Build | Mill |
| 12:34 | Build | Farm |
| 14:02 | Create | Villager (Male) |
| 14:03 | Create | Villager (Male) |
| 14:18 | Age | Feudal Age |
| 14:21 | Build | Market |
| 14:24 | Build | Blacksmith |
| 15:25 | Research | Castle Age |
| 16:17 | Build | Barracks |
| 16:43 | Build | Palisade Wall |
| 16:47 | Create | Villager (Male) |
| 16:48 | Create | Villager (Male) |
| 16:57 | Create | Militia |
| 17:04 | Build | House |
| 17:06 | Build | House |
| 17:10 | Create | Militia |
| 17:15 | Build | Palisade Wall |
| 17:23 | Build | House |
| 17:39 | Build | Lumber Camp |
| 17:56 | Build | House |
| 18:05 | Age | Castle Age |
| 19:02 | Build | Krepost |
| 19:13 | Build | Farm |
| 19:15 | Build | Farm |
| 19:45 | Build | Mining Camp |
| 20:06 | Create | Villager (Male) |
| 20:15 | Build | Farm |
| 20:37 | Build | Farm |
| 20:39 | Build | Farm |
| 21:17 | Build | House |
| 21:29 | Create | Villager (Male) |
| 21:57 | Build | House |
| 22:19 | Build | Krepost |
| 22:26 | Build | Stone Wall |
| 22:30 | Build | House |
| 22:33 | Build | House |
| 22:36 | Create | Villager (Male) |
| 22:36 | Create | Villager (Male) |
| 22:40 | Research | Fletching |
| 22:50 | Build | House |
| 22:53 | Build | House |
| 22:54 | Build | House |
| 23:09 | Create | Villager (Male) |
| 23:10 | Create | Villager (Male) |
| 23:44 | Create | Villager (Male) |
| 24:16 | Create | Villager (Male) |
| 24:16 | Create | Villager (Male) |
| 24:18 | Build | Farm |
| 24:18 | Build | Farm |
| 24:18 | Build | Farm |
| 24:18 | Build | Farm |
| 24:18 | Build | Farm |
| 24:18 | Build | Farm |
| 25:08 | Create | Villager (Male) |
| 25:09 | Create | Villager (Male) |
| 25:49 | Create | Villager (Male) |
| 25:49 | Create | Villager (Male) |
| 26:12 | Create | Villager (Male) |
| 26:12 | Create | Villager (Male) |
| 27:00 | Build | Krepost |
| 27:08 | Build | Farm |
| 27:08 | Build | Farm |
| 27:16 | Build | Krepost |
| 27:29 | Build | House |
| 28:47 | Build | Town Center |
| 29:07 | Create | Villager (Male) |
| 29:07 | Create | Villager (Male) |
| 29:10 | Build | Farm |
| 29:46 | Build | Farm |
| 29:48 | Build | Farm |
| 29:51 | Build | Farm |
| 29:52 | Build | Farm |
| 29:57 | Build | Farm |
| 30:00 | Create | Villager (Male) |
| 30:10 | Research | Horse Collar |
| 30:12 | Create | Villager (Male) |
| 30:12 | Create | Villager (Male) |
| 30:44 | Create | Villager (Male) |
| 31:13 | Create | Villager (Male) |
| 31:13 | Create | Villager (Male) |
| 31:23 | Build | Farm |
| 31:35 | Create | Villager (Male) |
| 31:38 | Build | Farm |
| 31:40 | Build | Farm |
| 31:42 | Research | Double-Bit Axe |
| 32:01 | Build | Siege Workshop |
| 32:11 | Create | Villager (Male) |
| 32:11 | Create | Villager (Male) |
| 34:15 | Build | University |
| 36:54 | Research | Town Watch |
| 37:23 | Build | Farm |
| 37:24 | Build | Farm |
| 37:28 | Build | Farm |
| 37:35 | Build | Mining Camp |
| 38:19 | Create | Villager (Male) |
| 38:19 | Create | Villager (Male) |
| 38:19 | Create | Villager (Male) |
| 38:28 | Build | Town Center |
| 38:31 | Create | Villager (Male) |
| 38:39 | Build | Lumber Camp |
| 38:51 | Create | Villager (Male) |
| 39:37 | Research | Bow Saw |
| 39:40 | Create | Villager (Male) |
| 39:40 | Create | Villager (Male) |
| 39:54 | Create | Villager (Male) |
| 39:55 | Create | Villager (Male) |
| 39:57 | Create | Villager (Male) |
| 39:57 | Create | Villager (Male) |
Build order — Stoic Poet
First 150 of 573 actions detected
| 0:47 | Build | Town Center |
| 1:15 | Build | House |
| 1:52 | Build | House |
| 3:20 | Create | Villager (Male) |
| 3:20 | Create | Villager (Male) |
| 3:21 | Create | Villager (Male) |
| 3:21 | Create | Villager (Male) |
| 4:56 | Research | Loom |
| 5:08 | Create | Villager (Male) |
| 5:16 | Create | Villager (Male) |
| 5:35 | Create | Villager (Male) |
| 6:23 | Build | House |
| 6:30 | Build | House |
| 6:42 | Create | Villager (Male) |
| 6:42 | Create | Villager (Male) |
| 6:42 | Create | Villager (Male) |
| 6:42 | Create | Villager (Male) |
| 7:57 | Create | Villager (Male) |
| 7:57 | Create | Villager (Male) |
| 8:21 | Build | Mill |
| 8:38 | Create | Villager (Male) |
| 8:38 | Create | Villager (Male) |
| 9:07 | Create | Villager (Male) |
| 9:07 | Create | Villager (Male) |
| 9:48 | Build | House |
| 9:55 | Build | Palisade Gate |
| 10:00 | Build | House |
| 10:01 | Create | Villager (Male) |
| 10:24 | Create | Villager (Male) |
| 10:24 | Create | Villager (Male) |
| 10:26 | Create | Villager (Male) |
| 10:30 | Create | Villager (Male) |
| 10:54 | Build | Mill |
| 11:32 | Create | Villager (Male) |
| 12:07 | Create | Villager (Male) |
| 12:23 | Build | Lumber Camp |
| 12:27 | Create | Villager (Male) |
| 12:46 | Research | Feudal Age |
| 13:15 | Build | House |
| 13:51 | Build | Barracks |
| 14:08 | Build | Farm |
| 14:12 | Build | Farm |
| 14:37 | Create | Villager (Male) |
| 15:07 | Age | Feudal Age |
| 15:12 | Build | Market |
| 15:21 | Build | Blacksmith |
| 15:32 | Create | Villager (Male) |
| 15:33 | Create | Villager (Male) |
| 15:46 | Build | Farm |
| 15:52 | Build | Farm |
| 16:12 | Build | Farm |
| 16:18 | Build | House |
| 16:26 | Create | Villager (Male) |
| 16:56 | Research | Castle Age |
| 16:56 | Research | Castle Age |
| 17:29 | Research | Double-Bit Axe |
| 18:02 | Build | Farm |
| 18:07 | Research | Horse Collar |
| 18:19 | Build | Farm |
| 19:28 | Create | Villager (Male) |
| 19:28 | Create | Villager (Male) |
| 19:36 | Age | Castle Age |
| 19:38 | Build | Town Center |
| 20:09 | Build | Town Center |
| 20:21 | Create | Villager (Male) |
| 20:21 | Create | Villager (Male) |
| 20:26 | Build | Farm |
| 20:27 | Build | Farm |
| 20:32 | Build | Farm |
| 20:50 | Create | Villager (Male) |
| 20:51 | Create | Villager (Male) |
| 20:51 | Create | Villager (Male) |
| 20:54 | Build | Farm |
| 20:55 | Build | Farm |
| 20:57 | Build | Farm |
| 20:58 | Build | Farm |
| 21:02 | Build | Farm |
| 21:09 | Create | Villager (Male) |
| 21:09 | Create | Villager (Male) |
| 21:12 | Build | Farm |
| 21:22 | Create | Villager (Male) |
| 21:23 | Create | Villager (Male) |
| 21:23 | Create | Villager (Male) |
| 21:23 | Create | Villager (Male) |
| 21:36 | Build | House |
| 21:36 | Build | House |
| 21:38 | Build | House |
| 21:42 | Create | Villager (Male) |
| 21:42 | Create | Villager (Male) |
| 21:42 | Create | Villager (Male) |
| 21:48 | Build | House |
| 21:49 | Build | House |
| 21:58 | Build | Farm |
| 22:14 | Build | Farm |
| 22:26 | Build | Farm |
| 22:29 | Create | Villager (Male) |
| 22:30 | Create | Villager (Male) |
| 22:30 | Create | Villager (Male) |
| 22:30 | Create | Villager (Male) |
| 22:45 | Build | Farm |
| 22:55 | Build | Farm |
| 23:01 | Create | Villager (Male) |
| 23:01 | Create | Villager (Male) |
| 23:01 | Create | Villager (Male) |
| 23:02 | Create | Villager (Male) |
| 23:09 | Build | Farm |
| 23:17 | Build | Farm |
| 23:27 | Create | Villager (Male) |
| 23:27 | Create | Villager (Male) |
| 23:27 | Create | Villager (Male) |
| 23:28 | Create | Villager (Male) |
| 23:37 | Create | Villager (Male) |
| 23:37 | Create | Villager (Male) |
| 23:44 | Build | Barracks |
| 23:52 | Build | Farm |
| 23:56 | Build | Farm |
| 24:04 | Build | Farm |
| 24:07 | Create | Villager (Male) |
| 24:07 | Create | Villager (Male) |
| 24:13 | Create | Villager (Male) |
| 24:14 | Create | Villager (Male) |
| 24:14 | Create | Villager (Male) |
| 24:14 | Create | Villager (Male) |
| 24:24 | Build | House |
| 24:26 | Build | House |
| 24:28 | Build | House |
| 24:34 | Create | Villager (Male) |
| 24:34 | Create | Villager (Male) |
| 24:34 | Create | Villager (Male) |
| 24:35 | Create | Villager (Male) |
| 24:43 | Build | Barracks |
| 24:45 | Research | Man-at-Arms (upgrade) |
| 24:49 | Create | Villager (Male) |
| 24:53 | Build | Farm |
| 24:55 | Create | Villager (Male) |
| 24:59 | Build | Farm |
| 25:08 | Research | Scale Mail Armor |
| 25:13 | Create | Villager (Male) |
| 25:17 | Research | Gambesons |
| 25:25 | Build | Barracks |
| 25:26 | Create | Villager (Male) |
| 25:26 | Create | Villager (Male) |
| 25:34 | Build | House |
| 25:34 | Build | House |
| 25:35 | Build | House |
| 25:43 | Build | House |
| 25:43 | Build | House |
| 25:45 | Create | Villager (Male) |
| 25:45 | Create | Villager (Male) |
| 25:45 | Create | Villager (Male) |
Build order — ValerioN__
First 150 of 420 actions detected
| 0:08 | Build | Town Center |
| 2:02 | Create | Villager (Male) ×4 |
| 2:04 | Build | House |
| 3:11 | Build | House |
| 3:47 | Create | Villager (Male) |
| 3:47 | Create | Villager (Male) |
| 4:10 | Create | Villager (Male) |
| 4:10 | Create | Villager (Male) |
| 4:17 | Build | House |
| 4:28 | Create | Villager (Male) |
| 5:07 | Research | Loom |
| 5:07 | Create | Villager (Male) |
| 5:07 | Create | Villager (Male) |
| 5:07 | Create | Villager (Male) |
| 5:41 | Create | Villager (Male) |
| 5:41 | Create | Villager (Male) |
| 5:55 | Create | Villager (Male) |
| 5:55 | Create | Villager (Male) |
| 6:07 | Build | House |
| 6:35 | Create | Villager (Male) |
| 6:36 | Create | Villager (Male) |
| 6:36 | Create | Villager (Male) |
| 6:49 | Build | Mill |
| 6:52 | Build | House |
| 6:57 | Create | Villager (Male) |
| 6:57 | Create | Villager (Male) |
| 7:15 | Create | Villager (Male) |
| 7:16 | Create | Villager (Male) |
| 7:49 | Build | Lumber Camp |
| 9:23 | Create | Villager (Male) |
| 9:26 | Build | House |
| 9:31 | Research | Feudal Age |
| 10:02 | Build | Mining Camp |
| 11:32 | Create | Villager (Male) |
| 11:32 | Create | Villager (Male) |
| 11:41 | Age | Feudal Age |
| 11:44 | Build | Market |
| 11:56 | Build | Blacksmith |
| 12:58 | Research | Castle Age |
| 14:17 | Build | House |
| 14:20 | Research | Double-Bit Axe |
| 14:25 | Research | Horse Collar |
| 15:19 | Create | Villager (Male) |
| 15:38 | Age | Castle Age |
| 15:39 | Build | Town Center |
| 16:17 | Create | Villager (Male) |
| 16:39 | Create | Villager (Male) |
| 16:42 | Create | Villager (Male) |
| 16:45 | Create | Villager (Male) |
| 16:57 | Build | Town Center |
| 17:04 | Create | Villager (Male) |
| 17:12 | Create | Villager (Male) |
| 17:29 | Build | Farm |
| 17:31 | Build | Farm |
| 17:35 | Build | Farm |
| 17:40 | Create | Villager (Male) |
| 17:40 | Create | Villager (Male) |
| 17:43 | Build | Farm |
| 17:47 | Build | Farm |
| 17:53 | Build | Farm |
| 17:58 | Create | Villager (Male) |
| 18:05 | Build | Farm |
| 18:10 | Create | Villager (Male) |
| 18:15 | Build | Farm |
| 18:25 | Create | Villager (Male) |
| 18:38 | Create | Villager (Male) |
| 18:48 | Research | Loom |
| 18:51 | Create | Villager (Male) |
| 18:57 | Create | Villager (Male) |
| 19:00 | Build | Farm |
| 19:06 | Create | Villager (Male) |
| 19:24 | Create | Villager (Male) |
| 19:25 | Create | Villager (Male) |
| 19:28 | Build | Farm |
| 19:41 | Build | Outpost |
| 19:43 | Research | Town Watch |
| 19:46 | Create | Villager (Male) |
| 19:46 | Create | Villager (Male) |
| 19:51 | Build | House |
| 20:05 | Research | Wheelbarrow |
| 20:18 | Create | Villager (Male) |
| 20:19 | Create | Villager (Male) |
| 20:21 | Build | House |
| 20:33 | Build | Town Center |
| 20:41 | Build | Farm |
| 20:43 | Create | Villager (Male) |
| 20:56 | Create | Villager (Male) |
| 21:00 | Build | Farm |
| 21:03 | Build | Farm |
| 21:05 | Build | Farm |
| 21:07 | Build | Farm |
| 21:13 | Create | Villager (Male) |
| 21:17 | Create | Villager (Male) |
| 21:20 | Build | House |
| 21:24 | Build | Farm |
| 21:26 | Build | Farm |
| 21:27 | Create | Villager (Male) |
| 21:27 | Create | Villager (Male) |
| 21:33 | Build | Farm |
| 21:37 | Create | Villager (Male) |
| 21:37 | Create | Villager (Male) |
| 21:47 | Create | Villager (Male) |
| 21:47 | Create | Villager (Male) |
| 21:51 | Create | Villager (Male) |
| 21:56 | Build | Farm |
| 21:57 | Build | Farm |
| 22:01 | Build | Farm |
| 22:03 | Create | Villager (Male) |
| 22:15 | Create | Villager (Male) |
| 22:15 | Create | Villager (Male) |
| 22:21 | Build | House |
| 22:31 | Build | Farm |
| 22:32 | Build | Farm |
| 22:33 | Create | Villager (Male) |
| 22:33 | Create | Villager (Male) |
| 22:39 | Build | House |
| 22:42 | Build | Farm |
| 22:45 | Build | Farm |
| 22:46 | Create | Villager (Male) |
| 22:46 | Create | Villager (Male) |
| 22:59 | Create | Villager (Male) ×2 |
| 23:00 | Create | Villager (Male) |
| 23:11 | Build | Farm |
| 23:12 | Create | Villager (Male) |
| 23:12 | Create | Villager (Male) |
| 23:14 | Build | House |
| 23:16 | Build | Farm |
| 23:26 | Create | Villager (Male) ×2 |
| 23:26 | Create | Villager (Male) ×2 |
| 23:37 | Create | Villager (Male) |
| 23:37 | Create | Villager (Male) |
| 23:39 | Build | Farm |
| 23:44 | Create | Villager (Male) |
| 23:54 | Build | Lumber Camp |
| 23:56 | Create | Villager (Male) |
| 24:00 | Build | Mining Camp |
| 24:04 | Create | Villager (Male) |
| 24:04 | Create | Villager (Male) |
| 24:04 | Create | Villager (Male) |
| 24:05 | Create | Villager (Male) |
| 24:13 | Build | Outpost |
| 24:15 | Research | Hand Cart |
| 24:23 | Create | Villager (Male) |
| 24:24 | Create | Villager (Male) |
| 24:28 | Build | House |
| 24:29 | Build | House |
| 24:45 | Build | Outpost |
| 24:48 | Create | Villager (Male) |
| 24:48 | Create | Villager (Male) |
| 24:48 | Create | Villager (Male) |
Match timeline
| 10:22 | OhSheeep · wall_segment Palisade Wall x1 |
| 10:23 | OhSheeep · wall_segment Palisade Wall x1 |
| 10:24 | OhSheeep · wall_segment Palisade Wall x1 |
| 10:25 | OhSheeep · wall_segment Palisade Wall x2 |
| 11:41 | ValerioN__ · age_up feudal |
| 11:55 | treehugger · wall_segment Palisade Wall x1 |
| 11:57 | treehugger · wall_segment Palisade Wall x1 |
| 11:58 | treehugger · wall_segment Palisade Wall x5 |
| 12:25 | Dutchz · first_building Barracks |
| 12:53 | Frama · age_up feudal |
| 13:36 | FieldsPizza · age_up feudal |
| 13:51 | Stoic Poet · first_building Barracks |
| 13:57 | treehugger · age_up feudal |
| 14:02 | Frama · first_market_sell 100 stone |
| 14:06 | OhSheeep · age_up feudal |
| 14:11 | Frama · first_market_buy 100 food |
| 14:12 | Dutchz · age_up feudal |
| 14:18 | Apocalypto · age_up feudal |
| 15:07 | Stoic Poet · age_up feudal |
| 15:12 | Apocalypto · first_market_buy 100 food |
| 15:20 | Apocalypto · first_market_sell 100 stone |
| 15:27 | treehugger · wall_segment Palisade Wall x8 |
| 15:35 | treehugger · first_market_sell 100 wood |
| 15:36 | OhSheeep · wall_segment Palisade Wall x1 |
| 15:38 | ValerioN__ · age_up castle |
| 15:38 | OhSheeep · wall_segment Palisade Wall x5 |
| 15:41 | OhSheeep · wall_segment Palisade Wall x5 |
| 15:44 | ValerioN__ · first_market_buy 100 food |
| 16:17 | Apocalypto · first_building Barracks |
| 16:31 | Stoic Poet · first_market_sell 100 wood |
| 16:37 | Stoic Poet · first_market_buy 100 food |
| 16:43 | Apocalypto · wall_segment Palisade Wall x1 |
| 16:58 | Frama · age_up castle |
| 17:15 | Apocalypto · wall_segment Palisade Wall x1 |
| 17:27 | Dutchz · first_market_sell 100 wood |
| 17:28 | Dutchz · first_market_buy 100 food |
| 17:46 | OhSheeep · first_building Barracks |
| 17:58 | Frama · first_building Castle |
| 18:05 | Apocalypto · age_up castle |
| 18:20 | treehugger · age_up castle |
| 18:37 | OhSheeep · age_up castle |
| 18:46 | FieldsPizza · age_up castle |
| 19:02 | Apocalypto · first_building Krepost |
| 19:36 | Stoic Poet · age_up castle |
| 19:39 | OhSheeep · wall_segment Palisade Wall x1 |
| 19:40 | OhSheeep · wall_segment Palisade Wall x1 |
| 20:03 | treehugger · first_building Siege Workshop |
| 20:16 | OhSheeep · first_building Monastery |
| 22:22 | FieldsPizza · first_building Monastery |
| 22:26 | Apocalypto · wall_segment Stone Wall x11 |
| 23:01 | treehugger · first_building Castle |
| 23:13 | OhSheeep · wall_segment Palisade Wall x1 |
| 24:26 | treehugger · wall_segment Stone Wall x1 |
| 24:30 | treehugger · wall_segment Stone Wall x1 |
| 24:36 | Dutchz · wall_segment Stone Wall x14 |
| 25:02 | treehugger · wall_segment Stone Wall x10 |
| 25:33 | FieldsPizza · wall_segment Stone Wall x6 |
| 26:35 | treehugger · first_building Barracks |
| 27:02 | ValerioN__ · first_building Castle |
| 27:24 | FieldsPizza · first_building Barracks |
| 27:29 | FieldsPizza · first_building Castle |
| 27:34 | OhSheeep · first_building Castle |
| 27:57 | FieldsPizza · first_building Stable |
| 27:57 | ValerioN__ · first_building Barracks |
| 28:33 | OhSheeep · wall_segment Palisade Wall x1 |
| 28:34 | OhSheeep · wall_segment Palisade Wall x1 |
| 29:36 | ValerioN__ · first_building Siege Workshop |
| 29:50 | treehugger · first_building Stable |
| 29:58 | Dutchz · age_up castle |
| 30:01 | Frama · wall_segment Stone Wall x1 |
| 30:05 | Stoic Poet · first_building Castle |
| 32:01 | Apocalypto · first_building Siege Workshop |
| 32:35 | ValerioN__ · age_up imperial |
| 32:44 | treehugger · age_up imperial |
| 33:01 | Frama · first_building Siege Workshop |
| 33:02 | Frama · first_building Barracks |
| 33:23 | Stoic Poet · wall_segment Stone Wall x20 |
| 33:58 | Frama · first_building Archery Range |
| 34:32 | OhSheeep · age_up imperial |
| 34:47 | OhSheeep · first_market_sell 100 stone |
| 34:58 | FieldsPizza · age_up imperial |
| 35:02 | Frama · age_up imperial |
| 35:15 | Stoic Poet · wall_segment Stone Wall x10 |
| 36:12 | treehugger · wall_segment Stone Wall x1 |
| 36:14 | treehugger · wall_segment Stone Wall x1 |
| 36:44 | OhSheeep · first_building Siege Workshop |
| 37:40 | Stoic Poet · age_up imperial |
| 38:34 | Dutchz · first_building Monastery |
| 39:42 | treehugger · first_building Archery Range |
| 40:48 | ValerioN__ · first_building Stable |
| 40:50 | OhSheeep · first_building Archery Range |
| 41:27 | Dutchz · first_building Castle |
| 42:45 | Dutchz · age_up imperial |
| 43:58 | OhSheeep · tribute_sent a jugador 1 |
| 43:58 | OhSheeep · tribute_sent a jugador 2 |
| 43:58 | OhSheeep · tribute_sent a jugador 3 |
| 43:58 | OhSheeep · tribute_sent a jugador 4 |
| 43:58 | OhSheeep · tribute_sent a jugador 6 |
| 43:58 | OhSheeep · tribute_sent a jugador 7 |
| 43:58 | OhSheeep · tribute_sent a jugador 8 |
| 44:35 | OhSheeep · first_market_buy 100 stone |
| 44:54 | Frama · tribute_sent a jugador 1 |
| 44:54 | Frama · tribute_sent a jugador 2 |
| 44:54 | Frama · tribute_sent a jugador 4 |
| 44:54 | Frama · tribute_sent a jugador 5 |
| 44:54 | Frama · tribute_sent a jugador 6 |
| 44:54 | Frama · tribute_sent a jugador 7 |
| 44:54 | Frama · tribute_sent a jugador 8 |
| 45:38 | OhSheeep · tribute_sent a jugador 1 |
| 45:38 | OhSheeep · tribute_sent a jugador 2 |
| 45:38 | OhSheeep · tribute_sent a jugador 3 |
| 45:38 | OhSheeep · tribute_sent a jugador 4 |
| 45:38 | OhSheeep · tribute_sent a jugador 6 |
| 45:38 | OhSheeep · tribute_sent a jugador 7 |
| 45:38 | OhSheeep · tribute_sent a jugador 8 |
| 47:17 | treehugger · wall_segment Stone Wall x4 |
| 47:36 | OhSheeep · tribute_sent a jugador 1 |
| 47:36 | OhSheeep · tribute_sent a jugador 2 |
| 47:36 | OhSheeep · tribute_sent a jugador 3 |
| 47:36 | OhSheeep · tribute_sent a jugador 4 |
| 47:36 | OhSheeep · tribute_sent a jugador 6 |
| 47:36 | OhSheeep · tribute_sent a jugador 7 |
| 47:36 | OhSheeep · tribute_sent a jugador 8 |
| 48:37 | FieldsPizza · first_building Siege Workshop |
| 48:45 | Stoic Poet · first_building Siege Workshop |
| 49:31 | Stoic Poet · first_building Archery Range |
| 50:04 | Frama · tribute_sent a jugador 1 |
| 50:04 | Frama · tribute_sent a jugador 2 |
| 50:04 | Frama · tribute_sent a jugador 4 |
| 50:04 | Frama · tribute_sent a jugador 5 |
| 50:04 | Frama · tribute_sent a jugador 6 |
| 50:04 | Frama · tribute_sent a jugador 7 |
| 50:04 | Frama · tribute_sent a jugador 8 |
| 51:04 | treehugger · resign |
[ AI ANALYSIS · 1 CREDIT ]
What really happened in this match?
Wolo.gg analyzes every decision: build order, eco, micro, common mistakes by bracket. Personalized analysis on WhatsApp or Discord in 30 seconds.
Civ guide
Goths
Perfil
Jugador #820921